 Dungeon Crawl Stone Soup version 0.30-a0-21-g5d08c37080 (webtiles) character file.

Game seed: 6465518575284838217

69 Plasmagod the Twirler (level 4, 0/32 HPs)
             Began as a Human Wanderer on Aug 24, 2022.
             Slain by a gnoll
             ... wielding a +0 flail
              (3 damage)
             ... on level 2 of the Dungeon.
             The game lasted 00:03:01 (2493 turns).

Plasmagod the Twirler (Human Wanderer)              Turns: 2493, Time: 00:03:01

Health: 0/32       AC:  2    Str: 13    XL:     4   Next: 42%
Magic:  5/5        EV: 11    Int: 11    God:
Gold:   90         SH:  0    Dex: 15    Spells: 4/5 levels left

rFire   . . .      SeeInvis .    a - +2 quarterstaff
rCold   . . .      Faith    .    (shield currently unavailable)
rNeg    . . .      Spirit   .    d - +0 robe
rPois   .          Reflect  .    (no helmet)
rElec   .          Harm     .    (no cloak)
rCorr   .          Rampage  .    (no gloves)
Will    .....                    (no boots)
Stlth   +.........               (no amulet)
HPRegen 0.10/turn                (no ring)
MPRegen 0.09/turn                (no ring)

@: no status effects
A: no striking features
a: no special abilities


You were on level 2 of the Dungeon.
You visited 1 branch of the dungeon, and saw 2 of its levels.

You collected 90 gold pieces.

Inventory:

Hand Weapons
 a - a +2 quarterstaff (weapon)
Armour
 d - a +0 robe (worn)
Scrolls
 f - a scroll of enchant weapon {unknown}
 g - a scroll of poison {unknown}
 i - a scroll of fear {unknown}
 j - 2 scrolls of magic mapping {unknown}
 k - 2 scrolls of identify {unknown}
 l - a scroll of vulnerability {unknown}
Potions
 c - 2 potions of attraction
 e - a potion of curing
 h - a potion of lignification {unknown}
 m - 3 potions of mutation {unknown}
 n - a potion of haste {unknown}
Miscellaneous
 b - a piece from Xom's chessboard (15/15)


   Skills:
 - Level 1.0 Fighting
 - Level 6.0 Staves
 - Level 1.0 Spellcasting
 + Level 2.3 Summonings
 - Level 1.0 Invocations
 - Level 1.0 Evocations


You had 4 spell levels left.
You knew the following spells:

 Your Spells              Type           Power      Damage    Failure   Level
a - Summon Small Mammal   Summ           20%        N/A       13%         1

Your spell library contained the following spells:

 Spells                   Type           Power      Damage    Failure   Level
 Blink                    Tloc           0%         N/A       43%         2
 Summon Guardian Golem    Hex/Summ       3%         N/A       52%         3
 Lesser Beckoning         Tloc           0%         N/A       67%         3
 Manifold Assault         Tloc           0%         N/A       100%        5


Dungeon Overview and Level Annotations

Branches:
Dungeon (2/15)

Altars:
Makhleb

Shops:
D:1 [


Message History

No target in view!
A gnoll comes into view. It is wielding a +0 flail.
Found a hand axe.
Found a hand axe.
The gnoll shouts!
You hear a shout!
A gnoll comes into view. It is wielding a +0 flail.
A gnoll comes into view. It is wielding a +0 whip.
Found a hand axe.
The gnoll shouts!
A gnoll comes into view. It is wielding a +0 club.
The gnoll shouts!
You hit the gnoll.
The gnoll is lightly wounded.
The gnoll hits you with a +0 flail!
You completely miss the gnoll.
The gnoll is lightly wounded.
The gnoll hits you with a +0 flail.
You barely miss the gnoll.
The gnoll is lightly wounded.
The gnoll barely misses you.
You hit the gnoll.
The gnoll is lightly wounded.
The gnoll hits you with a +0 flail.
You barely miss the gnoll.
The gnoll is lightly wounded.
The gnoll barely misses you.
You barely miss the gnoll.
The gnoll is lightly wounded.
The gnoll closely misses you.
You hit the gnoll.
The gnoll is moderately wounded.
The gnoll hits you with a +0 flail.
You barely miss the gnoll.
The gnoll is moderately wounded.
The gnoll hits you with a +0 flail!
* * * LOW HITPOINT WARNING * * *
You hit the gnoll but do no damage.
The gnoll is moderately wounded.
The gnoll hits you with a +0 flail.
You die...

#.# #.# ### #
## . ##. ♣..
#.. ♣.).. #..
###♣♣g...♣. #..
#..@gg..... #..
#.#♣♣g..♣.. #..
#.# ♣.... ##.
#.## ♣.. ##
#..# ) # ##.#
### #.# ### #..
#.#######.#####
#.#
#.............#
#..


You could see 4 gnolls.

Vanquished Creatures
  2 adders (D:2)
  A worm (D:2)
  2 ball pythons
  6 endoplasms
  2 giant cockroaches
  6 goblins
  5 hobgoblins
  4 jackals (D:2)
  3 kobolds
  A quokka (D:1)
  2 bats (D:1)
  4 frilled lizards
  6 rats
44 creatures vanquished.

Notes
Turn   | Place    | Note
-------+----------+-------------------------------------------
     0 | D:1      | Plasmagod the Human Wanderer began the quest for the Orb.
     0 | D:1      | Plasmagod set off with the following items: a +2
                  | quarterstaff, a piece from Xom's chessboard (15/15), a
                  | potion of attraction, a +0 robe; and the following spell
                  | memorised: Summon Small Mammal; and the following spells
                  | available to memorise: Summon Guardian Golem.
     0 | D:1      | Reached XP level 1. HP: 15/15 MP: 2/2
   172 | D:1      | Reached XP level 2. HP: 14/21 MP: 3/3
   412 | D:1      | Found Cidghapi's Antique Armour Boutique.
   645 | D:1      | Reached XP level 3. HP: 12/26 MP: 4/4
  1592 | D:2      | Reached skill level 6 in Staves
  1592 | D:2      | Reached XP level 4. HP: 8/32 MP: 5/5
  1751 | D:2      | Found a burning altar of Makhleb.
  2445 | D:2      | Found a faded altar of an unknown god.
  2493 | D:2      | Slain by a gnoll

Illustrated notes

Levels and vault maps discovered:
D:1:      psy_arrival_fountain, layout_basic, serial_shops, nicolae_shop_stone
D:2:      layout_loops_corners, basic_altar,
          hellmonk_ecumenical_altar_leap_of_faith, pf_guarded_unrand_woodcutter

Skill      XL: |  1  2  3  4 |
---------------+-------------+-----
Staves         | 6 |  6.0
Summonings     | 2 |  2.3
Fighting       | |  1.0
Spellcasting   | |  1.0
Invocations    | |  1.0
Evocations     | |  1.0

Action                   |  1- 3 |  4- 6 || total
-------------------------+-------+-------++-------
Melee: Quarterstaff      |    87 |    27 ||   114
  Use: Potion            |       |     1 ||     1
 Stab: Sleeping          |     4 |     1 ||     5
Armor: Robe              |    18 |     3 ||    21
Dodge: Dodged            |    39 |     8 ||    47

Table legend: (Time is in decaauts)
 A = Elapsed time spent in this place.
 B = Non-inter-level travel time spent in this place.
 C = Inter-level travel time spent in this place.
 D = Time resting spent in this place.
 E = Time spent auto-exploring this place.
 F = Levels seen in this place.
 G = Mean time per level.
                   A        B        C        D        E       F      G
               +--------+--------+--------+--------+--------+-----+--------+
         Total |   2494 |   2480 |     14 |      0 |   2212 |   2 | 1247.0 |
       Dungeon |   2494 |   2480 |     14 |      0 |   2212 |   2 | 1247.0 |
               +--------+--------+--------+--------+--------+-----+--------+

Top non-repeatable levels by time:
     D:1: 1296 daAuts
     D:2: 1198 daAuts
